 Dungeon Crawl Stone Soup version 0.22-a0-448-g1fb7470 (webtiles) character file.

275 Dianna the Ruffian (level 6, -15/62 HPs)
             Began as a Troll Monk on June 4, 2018.
             Was a Believer of Nemelex Xobeh.
             Demolished by an orc warrior
             ... wielding a +0 dire flail
              (19 damage)
             ... on level 3 of the Dungeon.
             The game lasted 00:02:10 (1262 turns).

Dianna the Ruffian (Troll Monk)                     Turns: 1262, Time: 00:02:11

Health: -15/62     AC:  5    Str: 20    XL:     6   Next: 3%
Magic:  6/6        EV: 10    Int:  6    God:    Nemelex Xobeh [**....]
Gold:   156        SH:  0    Dex: 14    Spells: 5/5 levels left

rFire    . . .     SeeInvis .     - Unarmed
rCold    . . .     Gourm    +   (no shield)
rNeg     . . .     Faith    .   a - +0 robe
rPois    .         Spirit   .   (helmet restricted)
rElec    .         Reflect  .   (no cloak)
rCorr    .         Harm     .   (gloves unavailable)
MR       .....                  (boots unavailable)
Stlth    ++........             (no amulet)
HPRegen  0.60/turn              (no ring)
MPRegen  0.10/turn              (no ring)

@: no status effects
A: large, unfitting armour, claws 3, fast metabolism 3, gourmand, regeneration
1, shaggy fur 1, tough skin 2
a: Renounce Religion


You were on level 3 of the Dungeon.
You worshipped Nemelex Xobeh.
Nemelex Xobeh was pleased with you.
You were very full.

You visited 1 branch of the dungeon, and saw 3 of its levels.

You collected 156 gold pieces.

Inventory:

Armour
 a - a +0 robe (worn)
Scrolls
 d - a scroll of magic mapping {unknown}
 e - 2 scrolls of identify {unknown}
 f - a scroll of random uselessness {unknown}
 k - 3 scrolls of remove curse {unknown}
 l - a scroll of fear {unknown}
 m - a scroll of teleportation {unknown}
 n - a scroll of enchant weapon {unknown}
Potions
 c - a potion of resistance {unknown}
 g - 2 potions of mutation {unknown}
 j - a potion of ambrosia {unknown}
 p - a potion of curing {unknown}
Miscellaneous
 h - a plain deck of destruction
 i - a plain deck of summoning
 q - a plain deck of summoning
Comestibles
 b - 5 rations


   Skills:
 * Level 3.9 Fighting
 - Level 2.4 Dodging
 - Level 1.0 Stealth
 * Level 4.7 Unarmed Combat
 * Level 2.4 Invocations


You had 5 spell levels left.
You didn't know any spells.
Your spell library was empty.

Dungeon Overview and Level Annotations

Branches:
Dungeon (3/15)

Altars:
Elyvilon
Fedhas
Nemelex Xobeh
Qazlal


Innate Abilities, Weirdness & Mutations

You are too large for most types of armour.
You have claws for hands.
Your metabolism is lightning-fast.
You like to eat raw meat.
Your natural rate of healing is unusually fast.
You are covered in fur. (AC +1)
You have very tough skin. (AC +2)


Message History

You barely miss the orc warrior.
The orc warrior is severely wounded.
The hobgoblin throws a stone.
The stone closely misses you.
The stone hits the orc warrior.
The orc warrior hits you with a dire flail.
You scratch the orc warrior but do no damage.
The orc warrior is severely wounded.
The hobgoblin throws a stone.
The stone barely misses you.
The stone hits the orc warrior but does no damage.
You scratch the orc warrior but do no damage.
The orc warrior is severely wounded.
The orc warrior hits you with a dire flail!
* * * LOW HITPOINT WARNING * * *
The hobgoblin throws a stone.
The stone hits you.
* * * LOW HITPOINT WARNING * * *
You scratch the orc warrior.
The orc warrior is severely wounded.
The orc warrior hits you with a dire flail!!
You die...
Your body glows slightly and disappears.

#........ #≈..♣..
#≈≈...≈ # #
#..g###########..###
#S)................
##.#####...........
#.# #.#####..... #.#
#.# .#### #@# #.#
#o# #.# .####
#o#####.# .....
#.#.....# #####
#.#.##### #.#.#
#.#.# ..#.# #.#


You could see an orc warrior, an adder, an orc and a hobgoblin.

Vanquished Creatures
  Sigmund (D:2)
  Terence (D:2)
  2 adders (D:2)
  A worm (D:2)
  4 dart slugs
  2 leopard geckos (D:1)
  3 orcs (D:3)
  2 ball pythons (D:2)
  8 bats
  7 goblins
  5 hobgoblins
  4 jackals (D:2)
  A quokka (D:2)
  8 frilled lizards
  5 kobolds
  5 rats
59 creatures vanquished.

Vanquished Creatures (others)
  A giant cockroach (D:3)
  A quokka (D:3)
2 creatures vanquished.

Grand Total: 61 creatures vanquished

Notes
Turn   | Place    | Note
-------+----------+-------------------------------------------
     0 | D:1      | Dianna the Troll Monk began the quest for the Orb.
     0 | D:1      | Reached XP level 1. HP: 22/22 MP: 0/0
   112 | D:1      | Reached XP level 2. HP: 28/29 MP: 1/1
   350 | D:1      | Found a sparkling altar of Nemelex Xobeh.
   512 | D:1      | Became a worshipper of Nemelex Xobeh the Trickster
   512 | D:1      | Received a gift from Nemelex Xobeh
   512 | D:1      | Reached * piety under Nemelex Xobeh
   512 | D:1      | Reached ** piety under Nemelex Xobeh
   512 | D:1      | Received a gift from Nemelex Xobeh
   524 | D:2      | Noticed Sigmund
   534 | D:2      | Killed Sigmund
   534 | D:2      | Reached skill level 4 in Unarmed Combat
   534 | D:2      | Reached XP level 3. HP: 18/39 MP: 1/3
   534 | D:2      | Reached XP level 4. HP: 23/48 MP: 1/4
   534 | D:2      | Reached XP level 5. HP: 26/54 MP: 1/5
   646 | D:2      | Found a blossoming altar of Fedhas.
   716 | D:2      | Found a stormy altar of Qazlal.
   716 | D:2      | Noticed Terence
   721 | D:2      | Killed Terence
  1086 | D:3      | Reached XP level 6. HP: 62/62 MP: 6/6
  1120 | D:3      | Received a gift from Nemelex Xobeh
  1246 | D:3      | Found a white marble altar of Elyvilon.
  1247 | D:3      | Noticed an orc warrior
  1262 | D:3      | Demolished by an orc warrior

Vault maps used:
D:1:      scummos_arrival_hexagon, skrybe_limestone_x,
          nemelex_diamond_rough_becter
D:2:      old_standard_altar, grunt_qazlal_sundering, uniq_terence, uniq_sigmund
D:3:      elyvilon_altar_4, first_ration, uniq_robin

Skill      XL: |  1  2 |
---------------+-------+-----
Fighting       | 3 |  3.9
Unarmed Combat | 4 |  4.7
Invocations    | 2 |  2.4
Dodging        | |  2.4
Stealth        | |  1.0

Action                   |  1- 3 |  4- 6 || total
-------------------------+-------+-------++-------
Melee: Unarmed           |    43 |    89 ||   132
       Punch             |     2 |     2 ||     4
 Stab: Sleeping          |     1 |       ||     1
  Eat: Chunk             |     6 |    10 ||    16
Armor: Robe              |    28 |    20 ||    48
Dodge: Dodged            |    29 |    47 ||    76

Table legend:
 A = Spawn XP
 B = Non-spawn XP
 C = Spawn XP percentage of total XP
 D = Spawn monster count
 E = Non-spawn monster count
 F = Spawn count percentage of total count
 G = Total turns spent on level
                    A         B        C        D         E        F      G
               +---------+---------+-------+---------+---------+-------+---------
         Total |       0 |     394 |   0.0 |       0 |      59 |   0.0 |  1262
               +---------+---------+-------+---------+---------+-------+---------
           D:1 |       0 |      40 |   0.0 |       0 |      21 |   0.0 |   524
           D:2 |       0 |     339 |   0.0 |       0 |      32 |   0.0 |   552
           D:3 |       0 |      15 |   0.0 |       0 |       6 |   0.0 |   186
               +---------+---------+-------+---------+---------+-------+---------
